 Dungeon Crawl Stone Soup version 0.22.1-1-ga44c0e5 (webtiles) character file.

154 aMcNicky the Gusty (level 5, -1/39 HPs)
             Began as a Human Air Elementalist on Oct 13, 2018.
             Killed from afar by Sigmund (4 damage)
             ... with a puff of flame
             ... on level 3 of the Dungeon.
             The game lasted 00:13:11 (3088 turns).

aMcNicky the Gusty (Human Air Elementalist)         Turns: 3088, Time: 00:13:12

Health: -1/39      AC:  6    Str:  8 (9)  XL:     5   Next: 63%
Magic:  1/8        EV: 12    Int: 13 (16) God:
Gold:   125        SH:  0    Dex: 12 (13) Spells: 5/8 levels left

rFire    . . .     SeeInvis .   a - +0 club
rCold    . . .     Gourm    .   (no shield)
rNeg     . . .     Faith    .   e - +0 robe
rPois    .         Spirit   .   g - +0 helmet
rElec    .         Reflect  .   n - +2 cloak
rCorr    .         Harm     .   (no gloves)
MR       .....                  (no boots)
Stlth    ++........             (no amulet)
HPRegen  0.13/turn              (no ring)
MPRegen  0.11/turn              (no ring)

@: very slightly contaminated
A: no striking features
a: no special abilities


You were on level 3 of the Dungeon.
You were not hungry.

You visited 1 branch of the dungeon, and saw 3 of its levels.

You collected 125 gold pieces.

Inventory:

Hand Weapons
 a - a +0 club (weapon)
 b - a +0 hunting sling of freezing
Missiles
 f - 98 stones (quivered)
Armour
 e - a +0 robe (worn)
 g - a +0 helmet (worn)
 n - a +2 cloak (worn)
Jewellery
 o - an uncursed amulet of the gourmand {unknown}
Scrolls
 j - a scroll of fog
 k - a scroll of magic mapping {unknown}
 p - a scroll of identify {unknown}
 q - a scroll of fear {unknown}
Potions
 d - a potion of mutation {unknown}
 h - a potion of curing {@q1}
 i - a potion of heal wounds {unknown}
 l - a potion of brilliance
 m - 2 potions of degeneration
Comestibles
 c - 4 rations


   Skills:
 + Level 2.6 Fighting
 - Level 2.0 Dodging
 - Level 2.0 Stealth
 - Level 2.0 Spellcasting
 + Level 2.9 Conjurations
 + Level 4.1 Air Magic


You had 5 spell levels left.
You knew the following spells:

 Your Spells              Type           Power        Failure   Level  Hunger
a - Shock                 Conj/Air       ##..         6%          1    ##.....
b - Swiftness             Chrm/Air       #.......     17%         2    ###....

Your spell library contained the following spells:

 Spells                   Type           Power        Failure   Level  Hunger
 Static Discharge         Conj/Air       ##......     19%         3    ####...
 Airstrike                Air            ##........   43%         4    #####..
 Lightning Bolt           Conj/Air       ##........   86%         5    ######.


Dungeon Overview and Level Annotations

Branches:
Dungeon (3/15)

Altars:

Annotations:
D:3 Sigmund


Message History

Sigmund is almost dead.
Sigmund barely misses you.
You hit Sigmund.
Sigmund is almost dead.
Sigmund casts a spell.
Sigmund flickers and vanishes!
Deactivating autopickup; reactivate with Ctrl-A.
You barely miss something.
You hear some strange, mumbled words.
A puff of flame appears from out of thin air!
The puff of flame hits you!
* * * LOW HITPOINT WARNING * * *
You hit something. Something hits you.
* * * LOW HITPOINT WARNING * * *
You closely miss something. Something hits you but does no damage.
You closely miss something.
You hear some strange, mumbled words.
A puff of flame appears from out of thin air!
The puff of flame hits you!
You die...

#.#
#.##.#.
#.# ..#
... #.#
#### .#.
#.# .#.
#.# ..
#.# #.#
#.# #@#
#{#
#g.......
##.##.##.
.# .# .#
.. ##


You could see a hobgoblin.

Vanquished Creatures
  A killer bee (D:3)
  Jessica (D:2)
  4 adders
  A dart slug (D:1)
  A leopard gecko (D:1)
  An orc (D:3)
  4 giant cockroaches
  4 goblins
  6 hobgoblins
  4 jackals (D:2)
  5 kobolds
  6 bats
  2 frilled lizards (D:2)
  7 rats
47 creatures vanquished.

Notes
Turn   | Place    | Note
-------+----------+-------------------------------------------
     0 | D:1      | aMcNicky the Human Air Elementalist began the quest for the
                  | Orb.
     0 | D:1      | Reached XP level 1. HP: 13/13 MP: 3/3
   495 | D:1      | Reached XP level 2. HP: 20/20 MP: 1/5
   541 | D:1      | Learned a level 2 spell: Swiftness
   955 | D:1      | Reached skill level 1 in Fighting
  1227 | D:1      | Reached XP level 3. HP: 26/26 MP: 6/6
  1374 | D:2      | Noticed Jessica
  1390 | D:2      | Killed Jessica
  1489 | D:2      | Reached XP level 4. HP: 33/33 MP: 4/7
  2759 | D:3      | Reached XP level 5. HP: 24/39 MP: 1/8
  2920 | D:3      | Found a faded altar of an unknown god.
  2933 | D:3      | Reached skill level 4 in Air Magic
  3062 | D:3      | Noticed Sigmund
  3088 | D:3      | Killed from afar by Sigmund

Skill      XL: |  1  2  3  4  5 |
---------------+----------------+-----
Fighting       | 1 2 |  2.6
Conjurations   | 2 |  2.9
Air Magic      | 4 |  4.1
Dodging        | |  2.0
Stealth        | |  2.0
Spellcasting   | |  2.0

Action                   |  1- 3 |  4- 6 || total
-------------------------+-------+-------++-------
Melee: Club              |    22 |    55 ||    77
 Fire: Hunting sling     |       |    29 ||    29
Throw: Stone             |    35 |       ||    35
 Cast: Shock             |    28 |    55 ||    83
  Use: Scroll            |       |     3 ||     3
       Potion            |       |     5 ||     5
 Stab: Sleeping          |       |     1 ||     1
  Eat: Chunk             |     2 |     6 ||     8
Armor: Robe              |     7 |    36 ||    43
Dodge: Dodged            |    17 |    91 ||   108
